 Dungeon Crawl Stone Soup version 0.28.0-43-g3370ac3207 (webtiles) character file.

Game seed: 12161011195069280416

133 Pinkishskies the Covered (level 4, -11/41 HPs)
             Began as a Minotaur Fighter on Mar 8, 2022.
             Mangled by an ogre
             ... wielding a +0 giant club
              (21 damage)
             ... on level 3 of the Dungeon.
             The game lasted 00:05:25 (2293 turns).

Pinkishskies the Covered (Minotaur Fighter)         Turns: 2293, Time: 00:05:26

Health: -11/41     AC:  8    Str: 23    XL:     4   Next: 93%
Magic:  3/3        EV:  9    Int:  5    God:
Gold:   52         SH:  4    Dex:  9    Spells: 3/3 levels left

rFire   . . .      SeeInvis .   j - +1 falchion (vamp)
rCold   . . .      Faith    .   c - +0 buckler
rNeg    . . .      Spirit   .   b - +0 scale mail
rPois   .          Reflect  .   (helmet restricted)
rElec   .          Harm     .   i - +0 cloak
rCorr   .          Rampage  .   (no gloves)
Will    .....                   (no boots)
Stlth   ..........              (no amulet)
HPRegen 0.13/turn               (no ring)
MPRegen 0.08/turn               (no ring)

@: no status effects
A: horns 2, retaliatory headbutt
a: no special abilities


You were on level 3 of the Dungeon.
You visited 1 branch of the dungeon, and saw 3 of its levels.

You collected 52 gold pieces.

Inventory:

Hand Weapons
 a - a +0 war axe
 d - a +3 quarterstaff of chaos
 j - a +1 vampiric falchion (weapon)
 o - a +0 dire flail
Armour
 b - a +0 scale mail (worn)
 c - a +0 buckler (worn)
 i - a +0 cloak (worn)
Magical Staves
 f - a staff of air
Scrolls
 e - a scroll of magic mapping {unknown}
 g - a scroll of enchant armour {unknown}
 l - 2 scrolls of identify {unknown}
 m - a scroll of enchant weapon {unknown}
 n - 3 scrolls of teleportation {unknown}
Potions
 h - 2 potions of brilliance {unknown}
 k - a potion of cancellation {unknown}


   Skills:
 + Level 4.4 Fighting
 * Level 2.2 Long Blades
 - Level 3.5 Axes
 + Level 4.5 Armour
 + Level 0.5 Dodging
 + Level 4.2 Shields


You had 3 spell levels left.
You didn't know any spells.
Your spell library contained the following spells:

 Spells                   Type           Power      Damage    Failure   Level
 Shock                    Conj/Air       0%         1d3       86%         1
 Conjure Flame            Conj/Fire      0%         6-21      99%         3
 Ignite Poison            Fire/Tmut/Pois 0%         N/A       99%         3
 Swiftness                Air            0%         N/A       99%         3
 Airstrike                Air            0%         N/A       100%        4
 Sticky Flame             Conj/Fire      0%         2d3       100%        4


Dungeon Overview and Level Annotations

Branches:
Dungeon (3/15)

Altars:


Innate Abilities, Weirdness & Mutations

You have a pair of horns on your head.
You reflexively headbutt those who attack you in melee.


Message History

You see here a scroll labelled ULILLEFEOWK.
You slash the bat!
You feel better.
You kill the bat!
You closely miss the frilled lizard.
The frilled lizard bites you but does no damage.
You slash the frilled lizard!
You feel better.
You kill the frilled lizard!
No target in view!
n - 2 scrolls labelled ULILLEFEOWK (gained 1)
You see here a bat corpse.
n - 3 scrolls labelled ULILLEFEOWK (gained 1)
Found a stone staircase leading down.
You see here a +0 flail.
An ogre comes into view. It is wielding a +0 giant club.
The ogre shouts!
You hear a shout!
An ogre is nearby!
An orc comes into view. It is wielding a +0 whip.
The orc shouts!
An orc comes into view. It is wielding a +0 flail.
An orc comes into view. It is wielding a +0 mace.
The orc shouts!
A rat comes into view.
An orc comes into view. It is wielding a +0 club.
The ogre hits you with a +0 giant club!!
Ouch! That really hurt!
You barely miss the ogre. The ogre barely misses you. You furiously retaliate!
You headbutt the ogre, but do no damage.
You hit the ogre.
You feel better.
The ogre is lightly wounded.
You block the ogre's attack.
You hit the ogre.
The ogre is moderately wounded.
The ogre hits you with a +0 giant club!
* * * LOW HITPOINT WARNING * * *
You hit the ogre.
You feel better.
The ogre is moderately wounded.
A hobgoblin comes into view.
The ogre hits you with a +0 giant club!!
Ouch! That really hurt!
You die... #......# .g. #.....## .. #.#.#.# .r #.#...# #.## #.#.### #oo# #...# oo#

#†### #O# #.#
#@###### #.#
#.#....# #.####
#.#....# #....#
#.#....# ####.#
#.#....######.#
#.#..†.##.....#
###.#...†##.#####
#...#....##.#
###.#....##.#


You could see an ogre, 4 orcs, a hobgoblin (wandering) and a rat.

Vanquished Creatures
  Crazy Yiuf (D:2)
  Robin (D:2)
  An adder (D:2)
  2 worms (D:2)
  A dart slug (D:1)
  6 endoplasms
  14 giant cockroaches
  12 goblins
  6 hobgoblins
  3 kobolds
  3 quokkas
  3 ball pythons
  5 bats
  5 frilled lizards
  2 rats
65 creatures vanquished.

Vanquished Creatures (others)
  3 fungi (D:2)
3 creatures vanquished.

Grand Total: 68 creatures vanquished

Notes
Turn   | Place    | Note
-------+----------+-------------------------------------------
     0 | D:1      | Pinkishskies the Minotaur Fighter began the quest for the
                  | Orb.
     0 | D:1      | Reached XP level 1. HP: 19/19 MP: 0/0
   354 | D:1      | Reached XP level 2. HP: 27/27 MP: 1/1
  1034 | D:2      | Reached XP level 3. HP: 32/33 MP: 2/2
  1243 | D:2      | Noticed Robin
  1261 | D:2      | Killed Robin
  1410 | D:2      | Reached XP level 4. HP: 36/40 MP: 3/3
  1499 | D:2      | Reached skill level 1 in Long Blades
  1970 | D:2      | Found a runed translucent door.
  1971 | D:2      | Noticed Crazy Yiuf
  1984 | D:2      | Killed Crazy Yiuf
  2286 | D:3      | Noticed an ogre
  2293 | D:3      | Mangled by an ogre

Illustrated notes

Levels and vault maps discovered:
D:1:      noname_arrival_rooms_in_the_neighbourhood, layout_loops_corners,
          chequers_serial_rivers_small_b, serial_bayou_crossing
D:2:      minmay_roachtagon, layout_loops_cross, uniq_crazy_yiuf_cottage,
          uniq_robin
D:3:      layout_basic, shapermc_ecumenical_altar_mp_vishouse, uniq_terence,
          uniq_sigmund

Skill      XL: |  1  2  3  4 |
---------------+-------------+-----
Armour         | 4 |  4.5
Shields        | 4 |  4.2
Axes           | 3 |  3.5
Fighting       | 4 |  4.4
Long Blades    | 2 |  2.2
Dodging        | |  0.5

Action                   |  1- 3 |  4- 6 || total
-------------------------+-------+-------++-------
Melee: War axe           |    88 |       ||    88
       Headbutt          |     8 |    11 ||    19
       Falchion          |     7 |    66 ||    73
  Use: Potion            |       |     1 ||     1
Armor: Scale mail        |    44 |    28 ||    72
Dodge: Dodged            |    42 |    30 ||    72
Block: Buckler           |    20 |    20 ||    40
